[Event "Titled Tuesday Blitz August 3 2021"]
[White "Perera Alfonso, Rene Humberto"]
[Black "Ivanisevic, Ivan"]
[WhiteFideId "3514722"]
[BlackFideId "912417"]
[WhiteElo "2313"]
[BlackElo "2499"]
[Result "0-1"]
[Round "05"]
[TimeControl "180+1"]
[Date "2021.08.03"]
[WhiteClock "0:00:06"]
[BlackClock "0:01:03"]

1. e4 e5 2. Nf3 Nc6 3. Bb5 a6 4. Ba4 Bc5 5. O-O Nge7 6. c3 Ba7 7. d4 Ng6 8. Bb3 d6 9. Bg5 f6 10. Be3 Bg4 11. d5 Nb8 12. Bxa7 Rxa7 13. Nbd2 O-O 14. h3 Bc8 15. a4 Ra8 16. Re1 Kh8 17. Nf1 f5 18. exf5 Bxf5 19. Ng3 Bc8 20. Bc2 Nf4 21. Ne4 h6 22. c4 Bf5 23. Rc1 Nd7 24. Ng3 Bxc2 25. Qxc2 a5 26. Nh2 Nc5 27. Rcd1 Qg5 28. Nf3 Nxh3+ 29. gxh3 Rxf3 30. Kg2 Raf8 31. Rd2 h5 32. h4 Qg4 33. Rdd1 R8f4 34. Qe2 Ne4 0-1


[Site "https://www.chess.com"]

[Event "Titled Tuesday Blitz August 3 2021"]
[White "Petesch, Gabriel"]
[Black "Shkapenko, Pavel"]
[WhiteFideId "2032465"]
[BlackFideId "4151933"]
[WhiteElo "2374"]
[BlackElo "2386"]
[Result "1/2-1/2"]
[Round "05"]
[TimeControl "180+1"]
[Date "2021.08.03"]
[WhiteClock "0:00:16"]
[BlackClock "0:00:16"]

1. Nf3 Nf6 2. d4 e6 3. g3 c5 4. Bg2 Nc6 5. O-O cxd4 6. Nxd4 Qb6 7. Nb3 d5 8. N1d2 e5 9. e3 Be6 10. c3 Be7 11. Qe2 O-O 12. Rd1 Rfd8 13. h3 a5 14. Nf3 h6 15. Kh2 Rd7 16. Nbd2 Rad8 17. b3 Ne4 18. Bb2 f5 19. c4 Nxd2 20. Nxd2 e4 21. cxd5 Rxd5 22. Nc4 Qc7 23. Rxd5 Rxd5 24. Rd1 Qd8 25. Rxd5 Qxd5 26. Qh5 Bf7 27. Qe2 Qd3 28. Bf1 Qxe2 29. Bxe2 Bc5 30. Kg2 b6 31. Kf1 Nb4 32. a3 Nd3 33. Bxd3 exd3 34. Ke1 a4 35. Kd2 axb3 36. Kxd3 Bd5 37. Kc3 Kf7 38. a4 Kg6 39. Kxb3 Bg2 40. Ne5+ Kh5 41. Nd7 Bxh3 42. Nxc5 bxc5 43. Bxg7 Kg4 44. Bxh6 Kf3 45. a5 Bf1 46. Bf4 Kxf2 47. Kc3 Kf3 48. Bd6 Kxe3 49. Bxc5+ Ke4 50. Bd6 Kd5 51. Bf4 Kc6 52. Kd4 Kb5 53. Bc7 Bh3 54. Ke3 Bg4 55. Bb6 Ka6 56. Kf4 Bh3 57. Ke5 Bg4 58. Kf6 Bh3 59. Kg5 Bg4 60. Kh4 Kb7 61. Kg5 Ka6 62. Kf4 Kb7 63. Ke3 Ka6 64. Kd4 Bh3 65. Kc5 Bg4 66. Bd8 Bh3 67. Kd6 Bg4 68. Ke5 Kb7 69. Kf4 Ka6 70. Bb6 1/2-1/2


[Site "https://www.chess.com"]

[Event "Titled Tuesday Blitz August 3 2021"]
[White "Petriashvili, Nikoloz"]
[Black "Oparin, Grigoriy"]
[WhiteFideId "13611216"]
[BlackFideId "24125890"]
[WhiteElo "2430"]
[BlackElo "2628"]
[Result "0-1"]
[Round "05"]
[TimeControl "180+1"]
[Date "2021.08.03"]
[WhiteClock "0:00:02"]
[BlackClock "0:00:42"]

1. e4 c6 2. d4 d5 3. Nc3 dxe4 4. Nxe4 Nf6 5. Nxf6+ exf6 6. c3 Bd6 7. Bd3 O-O 8. Qc2 Re8+ 9. Ne2 h5 10. O-O h4 11. h3 Nd7 12. Be3 Nf8 13. Rad1 Be6 14. c4 Rc8 15. Nf4 Bb8 16. Rfe1 Bd7 17. Kf1 Qc7 18. d5 cxd5 19. Nxd5 Qh2 20. Be4 b5 21. b3 bxc4 22. bxc4 Bb5 23. Bd3 Qh1+ 24. Ke2 Qxg2 25. Nxf6+ Kh8 26. Nxe8 Rxe8 27. cxb5 Bf4 28. Be4 Rxe4 29. Kd3 Qg6 30. Kd2 Bd6 31. Ke2 Rxe3+ 0-1


[Site "https://www.chess.com"]

[Event "Titled Tuesday Blitz August 3 2021"]
[White "Petrovskyi, Vadym"]
[Black "Mortazavi, Ali"]
[WhiteFideId "14165210"]
[BlackFideId "401323"]
[WhiteElo "2305"]
[BlackElo "2339"]
[Result "0-1"]
[Round "05"]
[TimeControl "180+1"]
[Date "2021.08.03"]
[WhiteClock "0:00:14"]
[BlackClock "0:00:25"]

1. e4 c6 2. d4 d5 3. Nc3 dxe4 4. Nxe4 Nf6 5. Nxf6+ exf6 6. c3 Bd6 7. Bd3 O-O 8. Ne2 Re8 9. Qc2 h5 10. Be3 Nd7 11. O-O h4 12. h3 Nf8 13. Rfe1 Bc7 14. Rad1 Be6 15. b3 b5 16. c4 bxc4 17. bxc4 Rc8 18. Nf4 Bxf4 19. Bxf4 Qa5 20. Bd6 Qg5 21. Re3 Ng6 22. Rde1 Red8 23. c5 Bd5 24. Be4 Bxe4 25. Rxe4 Qd5 26. Rb1 f5 27. Ree1 Re8 28. Re4 Rxe4 29. Rb7 Rce8 30. Rxa7 Nf4 31. Be5 Re1+ 0-1


[Site "https://www.chess.com"]

[Event "Titled Tuesday Blitz August 3 2021"]
[White "Pires, Marcos Vinicius Torsani"]
[Black "Potapova, Margarita"]
[WhiteFideId "2118939"]
[BlackFideId "14126869"]
[WhiteElo "2273"]
[BlackElo "2229"]
[Result "0-1"]
[Round "05"]
[TimeControl "180+1"]
[Date "2021.08.03"]
[WhiteClock "0:00:04"]
[BlackClock "0:00:06"]

1. e4 c5 2. c3 Nf6 3. e5 Nd5 4. d4 cxd4 5. Nf3 d6 6. cxd4 Nc6 7. Bc4 Nb6 8. Bb5 dxe5 9. Nxe5 Bd7 10. Nxd7 Qxd7 11. O-O e6 12. Nc3 Be7 13. Qg4 O-O 14. Bh6 Bf6 15. Bxc6 bxc6 16. Rfd1 Kh8 17. Be3 Nd5 18. Ne4 Be7 19. Qh3 Rab8 20. b3 f5 21. Nc5 Bxc5 22. dxc5 e5 23. Bc1 Qe7 24. Bb2 Rbe8 25. Rac1 Qg5 26. Qg3 Qf6 27. Re1 f4 28. Qf3 Qg5 29. Rc4 Nf6 30. Qxc6 f3 31. Qxf3 Qd2 32. Qe2 Qg5 33. h3 Nh5 34. Bxe5 Nf4 35. Re4 Nxe2+ 36. R1xe2 Rc8 37. b4 a5 38. a3 axb4 39. axb4 Qc1+ 40. Kh2 Qb1 41. Rg4 Rf7 42. Re3 Qf5 43. f4 Kg8 44. Reg3 g6 45. Rg5 Qe6 46. h4 Rf5 47. h5 Rxg5 48. Rxg5 Kf7 49. hxg6+ hxg6 50. Kg3 Rd8 51. Rg4 Rd3+ 52. Kh2 Qa2 53. Rh4 Rd2 54. Rg4 Qb3 55. Rg3 Qxb4 56. f5 gxf5 57. Bd6 Qd4 58. Rf3 Ke6 59. Kg3 Qg4+ 60. Kh2 Qh4+ 61. Rh3 Qe1 62. Bg3 Qe2 63. Rh6+ Kf7 64. Kh3 Qg4+ 65. Kh2 Qe2 66. Kh3 Qxg2+ 67. Kh4 Qe4+ 68. Kg5 Qg4# 0-1


[Site "https://www.chess.com"]

[Event "Titled Tuesday Blitz August 3 2021"]
[White "Ponikarovsky, Alexey"]
[Black "Nozdrachev, Leonid"]
[WhiteFideId "4122887"]
[BlackFideId "24113433"]
[WhiteElo "1944"]
[BlackElo "2221"]
[Result "1-0"]
[Round "05"]
[TimeControl "180+1"]
[Date "2021.08.03"]
[WhiteClock "0:01:23"]
[BlackClock "0:00:11"]

1. e4 c6 2. d4 d5 3. exd5 cxd5 4. Nf3 Nc6 5. c4 Nf6 6. Nc3 g6 7. cxd5 Nxd5 8. Bb5 Bg7 9. O-O O-O 10. h3 Nc7 11. Bxc6 bxc6 12. Be3 Nd5 13. Qd2 Rb8 14. Rab1 Bf5 15. Rbc1 c5 16. Rfe1 Nxe3 17. fxe3 cxd4 18. exd4 Qd6 19. Rcd1 Rfd8 20. Kh1 Qb4 21. b3 Rbc8 22. Na4 Qxd2 23. Rxd2 Bf6 24. Nc5 h5 25. Ne4 Bxe4 26. Rxe4 Rd5 27. Kg1 Kg7 28. Kf2 Rc3 29. Ke2 a5 30. Kd1 a4 31. Rc2 Rd3+ 32. Rd2 Rxd2+ 33. Kxd2 axb3 34. axb3 Ra5 35. Re2 e6 36. Kc3 Kf8 37. Kc4 Ke7 38. b4 Ra1 39. Ne5 Rc1+ 40. Kb5 Bxe5 41. dxe5 g5 42. Ka6 Ra1+ 43. Kb6 g4 44. hxg4 hxg4 45. b5 f5 46. exf6+ Kxf6 47. Rc2 Ke5 48. Kc7 Kd4 49. b6 Rb1 50. Rc6 e5 51. b7 Rxb7+ 52. Kxb7 e4 53. Rg6 e3 54. Rxg4+ Kd3 55. Rg8 e2 56. Re8 Kd2 57. g4 e1=Q 58. Rxe1 Kxe1 59. g5 1-0


[Site "https://www.chess.com"]

[Event "Titled Tuesday Blitz August 3 2021"]
[White "Praggnanandhaa R"]
[Black "Murzin, Volodar"]
[WhiteFideId "25059530"]
[BlackFideId "44155573"]
[WhiteElo "2555"]
[BlackElo "2541"]
[Result "1-0"]
[Round "05"]
[TimeControl "180+1"]
[Date "2021.08.03"]
[WhiteClock "0:01:21"]
[BlackClock "0:00:02"]

1. b3 e5 2. Bb2 Nc6 3. e3 g6 4. Bb5 Bg7 5. Ne2 Nge7 6. O-O O-O 7. f4 a6 8. Bxc6 Nxc6 9. fxe5 Nxe5 10. Nbc3 d5 11. Kh1 c6 12. Qe1 f5 13. Qg3 Ng4 14. Nd1 Nf6 15. Nf4 Qe7 16. Rb1 Bd7 17. Nf2 Rae8 18. h4 Bh6 19. Rbe1 Rf7 20. Kg1 Qd6 21. Qf3 Rfe7 22. N2h3 Ne4 23. Re2 c5 24. d3 Bb5 25. c4 dxc4 26. bxc4 Bc6 27. dxe4 Rxe4 28. Qf2 1-0


[Site "https://www.chess.com"]

[Event "Titled Tuesday Blitz August 3 2021"]
[White "Puchka, Vladislav"]
[Black "Costachi, Mihnea"]
[WhiteFideId "14134276"]
[BlackFideId "1217518"]
[WhiteElo "1924"]
[BlackElo "2482"]
[Result "0-1"]
[Round "05"]
[TimeControl "180+1"]
[Date "2021.08.03"]
[WhiteClock "0:00:19"]
[BlackClock "0:01:25"]

1. d4 Nf6 2. c4 g6 3. Nc3 Bg7 4. g3 O-O 5. Bg2 d6 6. e4 Nc6 7. Nge2 e5 8. d5 Nd4 9. O-O Nxe2+ 10. Nxe2 Nd7 11. f4 a5 12. h3 f5 13. Kh2 fxe4 14. Bxe4 Nc5 15. Bc2 Qd7 16. Ng1 e4 17. Rb1 b5 18. b3 bxc4 19. bxc4 Ba6 20. Re1 Bxc4 21. Bxe4 Rae8 22. Bg2 Bxa2 23. Rb2 Bxb2 24. Bxb2 Rxe1 25. Qxe1 Nd3 26. Qc3 Nxb2 27. Qxb2 Qa4 28. Nf3 Bxd5 29. Ng5 Bxg2 30. Kxg2 Qc6+ 31. Kh2 Qc4 32. h4 Re8 33. Qf6 Qe2+ 34. Kg1 Qe1+ 35. Kg2 Re2+ 36. Kh3 Qf1+ 37. Kg4 h5# 0-1


[Site "https://www.chess.com"]

[Event "Titled Tuesday Blitz August 3 2021"]
[White "Quparadze, Giga"]
[Black "De Silva, L M S T"]
[WhiteFideId "13602250"]
[BlackFideId "9953698"]
[WhiteElo "2658"]
[BlackElo "1621"]
[Result "1-0"]
[Round "05"]
[TimeControl "180+1"]
[Date "2021.08.03"]
[WhiteClock "0:00:59"]
[BlackClock "0:00:08"]

1. e4 e5 2. Nf3 Nc6 3. Bb5 a6 4. Ba4 Nf6 5. O-O Be7 6. Re1 b5 7. Bb3 d6 8. a4 Bg4 9. c3 O-O 10. h3 Bh5 11. d3 Na5 12. Ba2 c5 13. Nbd2 b4 14. Nc4 Nxc4 15. Bxc4 a5 16. Qe2 h6 17. g4 Nxg4 18. hxg4 Bxg4 19. Qe3 Kh8 20. Nh2 Bh5 21. Qh3 Bg6 22. Ng4 f5 23. Nxh6 gxh6 24. Bxh6 Re8 25. Kh1 Bh7 26. Rg1 Bf6 27. Rg2 Ra7 28. Rag1 fxe4 29. dxe4 Qc8 30. Qh5 Rc7 31. Bg5 Bxg5 32. Rxg5 Rf8 33. Qh6 Qb7 34. Qxf8+ 1-0


[Site "https://www.chess.com"]

[Event "Titled Tuesday Blitz August 3 2021"]
[White "Rodrigue-Lemieux, Shawn"]
[Black "Novikov, Evgenij"]
[WhiteFideId "2620049"]
[BlackFideId "4125380"]
[WhiteElo "1763"]
[BlackElo "2242"]
[Result "1-0"]
[Round "05"]
[TimeControl "180+1"]
[Date "2021.08.03"]
[WhiteClock "0:01:39"]
[BlackClock "0:00:09"]

1. c4 c6 2. Nf3 d6 3. b3 Nd7 4. Bb2 Qc7 5. g3 Ngf6 6. Bg2 g6 7. O-O Bg7 8. e4 O-O 9. d3 a6 10. Nc3 b5 11. Qe2 b4 12. Na4 e5 13. d4 Re8 14. dxe5 Nxe5 15. Nxe5 dxe5 16. Rad1 Bg4 17. f3 Be6 18. Nc5 Bf8 19. Nxe6 Rxe6 20. Bh3 Re7 21. Rd2 a5 22. Rfd1 a4 23. Qe3 axb3 24. axb3 Qa7 25. Qxa7 Raxa7 26. Rd8 Re8 27. Rxe8 Nxe8 28. Bxe5 f6 29. Bd4 Ra3 30. Rd3 Nc7 31. Bb6 Na6 32. Be6+ Kg7 33. Rd7+ Kh6 34. Be3+ g5 35. Bf5 Bg7 36. h4 Rxb3 37. hxg5+ fxg5 38. Rd6+ Kh5 39. Bg4# 1-0


[Site "https://www.chess.com"]

[Event "Titled Tuesday Blitz August 3 2021"]
[White "Rustemov, Alexander"]
[Black "Le, Tuan Minh"]
[WhiteFideId "4119002"]
[BlackFideId "12401153"]
[WhiteElo "2674"]
[BlackElo "2450"]
[Result "0-1"]
[Round "05"]
[TimeControl "180+1"]
[Date "2021.08.03"]
[WhiteClock "0:00:03"]
[BlackClock "0:00:06"]

1. d4 d5 2. c4 c6 3. Nc3 Nf6 4. e3 a6 5. Qc2 Bg4 6. f3 Bh5 7. Qb3 Ra7 8. g4 Bg6 9. h4 h6 10. Nh3 dxc4 11. Bxc4 b5 12. Be2 e6 13. Bd2 c5 14. dxc5 Nbd7 15. c6 Nc5 16. Qd1 e5 17. e4 Rc7 18. Be3 Bd6 19. h5 Bh7 20. a4 b4 21. Nd5 Rxc6 22. O-O O-O 23. Nxb4 Rb6 24. Nd3 Nxd3 25. Qxd3 Rxb2 26. Rfd1 Nxe4 27. fxe4 Qh4 28. Nf2 Be7 29. Kg2 Rfb8 30. Rd2 R2b3 31. Qd7 Rxe3 32. Rad1 Rg3+ 33. Kf1 Rf8 34. Rd3 Bc5 35. R1d2 Qh2 36. Bd1 Rg1+ 37. Ke2 Qxf2# 0-1


[Site "https://www.chess.com"]

[Event "Titled Tuesday Blitz August 3 2021"]
[White "Sadovsky, Artem"]
[Black "Ljukin, Sergei"]
[WhiteFideId "4155840"]
[BlackFideId "14102200"]
[WhiteElo "2442"]
[BlackElo "2309"]
[Result "0-1"]
[Round "05"]
[TimeControl "180+1"]
[Date "2021.08.03"]
[WhiteClock "0:00:49"]
[BlackClock "0:01:59"]

1. e3 d5 2. Ke2 Nf6 3. f4 Nc6 4. Nf3 Bf5 5. d4 Ne4 6. a3 f6 7. Qe1 e5 8. c3 Bd6 9. Qh4 Qd7 10. g3 O-O-O 11. Nbd2 g5 12. fxg5 fxg5 13. Qh6 Rdg8 14. dxe5 Nxe5 15. Nd4 Bg4+ 16. Ke1 Rg6 17. Qxg6 hxg6 18. Nxe4 dxe4 0-1


[Site "https://www.chess.com"]

[Event "Titled Tuesday Blitz August 3 2021"]
[White "Shailesh, Dravid"]
[Black "Pert, Richard G"]
[WhiteFideId "25017969"]
[BlackFideId "404748"]
[WhiteElo "2228"]
[BlackElo "2441"]
[Result "0-1"]
[Round "05"]
[TimeControl "180+1"]
[Date "2021.08.03"]
[WhiteClock "0:00:19"]
[BlackClock "0:00:17"]

1. e4 d5 2. exd5 Nf6 3. Nc3 Nxd5 4. Bc4 Nxc3 5. bxc3 Nc6 6. d4 Bf5 7. Nf3 e6 8. Qe2 Be7 9. Rb1 O-O 10. h4 h6 11. Ne5 Nxe5 12. dxe5 Bxh4 13. g3 Bg5 14. f4 Be7 15. g4 Bg6 16. Rxb7 Rb8 17. Rxb8 Qxb8 18. O-O Qb6+ 19. Kg2 Qc6+ 20. Kg3 Qe4 21. Qxe4 Bxe4 22. Bd3 Bd5 23. c4 Bc6 24. f5 Bc5 25. f6 Bd4 26. Re1 gxf6 27. Bxh6 Bxe5+ 28. Rxe5 fxe5 29. Bh7+ Kxh7 30. Bxf8 Kg6 31. Bc5 a6 32. Be7 f5 33. gxf5+ exf5 34. Bd8 f4+ 35. Kf2 Kf5 36. Bxc7 e4 37. Bb6 Ba4 38. c3 Bc2 39. a3 Bd3 40. Bd4 Bxc4 41. a4 a5 42. Bb6 Bb3 43. Bxa5 e3+ 44. Ke1 Ke4 45. Bb6 Bxa4 46. c4 f3 47. Bxe3 Kxe3 48. c5 0-1


[Site "https://www.chess.com"]

[Event "Titled Tuesday Blitz August 3 2021"]
[White "Shimelkov, Vasiliy"]
[Black "Bazeev, German"]
[WhiteFideId "13701630"]
[BlackFideId "24119350"]
[WhiteElo "2073"]
[BlackElo "2462"]
[Result "0-1"]
[Round "05"]
[TimeControl "180+1"]
[Date "2021.08.03"]
[WhiteClock "0:00:15"]
[BlackClock "0:00:10"]

1. d4 Nf6 2. Nf3 b6 3. c4 Bb7 4. Nc3 e6 5. Bg5 Bb4 6. e3 h6 7. Bh4 g5 8. Bg3 Ne4 9. Qc2 d6 10. Bd3 Bxc3+ 11. bxc3 f5 12. d5 Nd7 13. Bxe4 fxe4 14. Qxe4 Nc5 15. Qg6+ Kd7 16. Nd4 Qe8 17. Qc2 e5 18. Qf5+ Ke7 19. Ne6 Nxe6 20. Qxe6+ Kd8 21. Qf6+ Kc8 22. h4 g4 23. Qf5+ Qd7 24. Qxd7+ Kxd7 25. Rb1 Rab8 26. Kd2 a5 27. h5 Ba6 28. Kd3 Rbf8 29. Rh4 Rhg8 30. a4 Rg5 31. Rhh1 e4+ 32. Kd4 c5+ 33. dxc6+ Kxc6 34. Kxe4 Bxc4 35. Kd4 Rc5 36. e4 Ba6 37. Rhc1 Rc4+ 38. Ke3 Rxa4 39. f4 Re8 40. e5 dxe5 41. fxe5 Bc4 42. Rd1 Bd5 43. Rd4 Rxd4 44. cxd4 b5 45. Rc1+ Bc4 46. Rc2 Kd5 47. Rf2 a4 48. Rf6 Re6 49. Rf8 a3 50. Rd8+ Kc6 51. Ra8 a2 52. Ke4 Kb7 53. Ra3 Ra6 0-1


[Site "https://www.chess.com"]

[Event "Titled Tuesday Blitz August 3 2021"]
[White "Siddharth, Jagadeesh"]
[Black "MikeKorovin"]
[WhiteFideId "5818320"]
[WhiteElo "2127"]
[BlackElo "2722"]
[Result "0-1"]
[Round "05"]
[TimeControl "180+1"]
[Date "2021.08.03"]
[WhiteClock "0:00:05"]
[BlackClock "0:00:18"]

1. d4 Nf6 2. c4 e6 3. Nf3 Bb4+ 4. Bd2 Qe7 5. g3 Nc6 6. Nc3 O-O 7. Bg2 d6 8. O-O Bxc3 9. Bxc3 e5 10. d5 Nb8 11. Nd2 a5 12. e4 Nbd7 13. h3 Nc5 14. Qc2 b6 15. b3 Bd7 16. Rae1 Nh5 17. Kh2 f5 18. exf5 Bxf5 19. Ne4 Nf6 20. f3 Nfxe4 21. fxe4 Bg6 22. a3 a4 23. b4 Nb3 24. h4 Rxf1 25. Rxf1 Rf8 26. Qe2 Qe8 27. Bh3 Rxf1 28. Qxf1 Bxe4 29. Be6+ Kh8 30. Bd7 Qe7 31. Bxa4 Nd4 32. Bxd4 exd4 33. Qe2 d3 34. Qe3 Qe5 35. Bd1 Qb2+ 36. Kh3 Qe5 37. Bg4 Bg2+ 0-1


[Site "https://www.chess.com"]

[Event "Titled Tuesday Blitz August 3 2021"]
[White "Silva, Miguel Antonio Neto"]
[Black "Borsuk, Konstantin"]
[WhiteFideId "1911929"]
[BlackFideId "14113406"]
[WhiteElo "2283"]
[BlackElo "2363"]
[Result "1-0"]
[Round "05"]
[TimeControl "180+1"]
[Date "2021.08.03"]
[WhiteClock "0:00:42"]
[BlackClock "0:00:03"]

1. Nf3 b6 2. g3 Bb7 3. Bg2 g6 4. O-O Bg7 5. d4 Nf6 6. c4 O-O 7. Nc3 Ne4 8. Qd3 Nxc3 9. bxc3 d6 10. Bg5 h6 11. Bd2 Nd7 12. Rfe1 c5 13. a4 Qc7 14. Rec1 e5 15. d5 f5 16. Nh4 e4 17. Qc2 Ne5 18. f4 exf3 19. exf3 g5 20. Nxf5 Nxc4 21. Re1 Rxf5 22. Qxf5 Nxd2 23. Re2 Nc4 24. f4 gxf4 25. Be4 Bxc3 26. Rf1 Rf8 27. Qe6+ Qf7 28. Qxh6 Bd4+ 29. Kh1 Bxd5 30. Qg5+ Kh8 31. Bxd5 Qh7 32. Be4 Rg8 33. Qxf4 Qh5 34. Bf3 Qh7 35. Bd5 1-0


[Site "https://www.chess.com"]

[Event "Titled Tuesday Blitz August 3 2021"]
[White "Siniauski, Artsiom"]
[Black "Li, Eric"]
[WhiteFideId "13512269"]
[BlackFideId "30939941"]
[WhiteElo "2210"]
[BlackElo "1961"]
[Result "1-0"]
[Round "05"]
[TimeControl "180+1"]
[Date "2021.08.03"]
[WhiteClock "0:01:22"]
[BlackClock "0:00:47"]

1. e4 c5 2. Nf3 d6 3. Bb5+ Nd7 4. d4 cxd4 5. Qxd4 a6 6. Bxd7+ Bxd7 7. c4 Nf6 8. Bg5 Bc6 9. Bxf6 gxf6 10. Nc3 e6 11. O-O Rg8 12. Rfe1 Qa5 13. Nd5 Bxd5 14. exd5 e5 15. Qe4 h6 16. b4 Qc7 17. Rac1 Qd7 18. h3 b6 19. Kh2 f5 20. Qe3 Qc7 21. Nh4 Rg5 22. f4 Rh5 23. Nf3 e4 24. Nd4 Bg7 25. Nc6 Bf6 26. Qe2 Rh4 27. g3 Bg5 28. fxg5 hxg5 29. gxh4 gxh4 30. Qh5 Qc8 31. Qxh4 a5 32. Qe7# 1-0


[Site "https://www.chess.com"]

[Event "Titled Tuesday Blitz August 3 2021"]
[White "Solon, Nathan"]
[Black "Urazayev, Arystanbek"]
[WhiteFideId "2017229"]
[BlackFideId "13709810"]
[WhiteElo "2626"]
[BlackElo "2321"]
[Result "1-0"]
[Round "05"]
[TimeControl "180+1"]
[Date "2021.08.03"]
[WhiteClock "0:01:09"]
[BlackClock "0:00:16"]

1. d4 d5 2. c4 e6 3. Nf3 a6 4. g3 dxc4 5. Bg2 Nc6 6. O-O Rb8 7. b3 cxb3 8. Qxb3 Nf6 9. Nc3 Be7 10. Rd1 O-O 11. e4 Na5 12. Qc2 c6 13. Bf4 Ra8 14. d5 exd5 15. exd5 cxd5 16. Ng5 h6 17. Nxd5 hxg5 18. Nxf6+ Bxf6 19. Rxd8 Rxd8 20. Bc7 Bxa1 21. Bxd8 Nc6 22. Bxg5 Be6 23. Qb1 Bd4 24. Qxb7 Rb8 25. Qxc6 Rb2 26. Qa8+ Kh7 27. Qe4+ g6 28. Qxd4 Rb1+ 29. Bf1 Bh3 30. Qh4+ 1-0


[Site "https://www.chess.com"]

[Event "Titled Tuesday Blitz August 3 2021"]
[White "Spata, German"]
[Black "Savitha Shri B"]
[WhiteFideId "113026"]
[BlackFideId "35061887"]
[WhiteElo "2238"]
[BlackElo "2006"]
[Result "1-0"]
[Round "05"]
[TimeControl "180+1"]
[Date "2021.08.03"]
[WhiteClock "0:01:26"]
[BlackClock "0:01:17"]

1. Nf3 c5 2. b3 d5 3. Bb2 Nc6 4. e3 Nf6 5. Bb5 e6 6. Ne5 Bd7 7. Bxc6 bxc6 8. O-O Qc7 9. d3 Bd6 10. f4 O-O 11. Nd2 Bc8 12. Rf3 Nd7 13. Rh3 g6 14. Nxd7 Bxd7 15. Qh5 Rfb8 16. Qxh7+ Kf8 17. Qh8+ Ke7 18. Bf6# 1-0


[Site "https://www.chess.com"]

[Event "Titled Tuesday Blitz August 3 2021"]
[White "Srihari L R"]
[Black "Urquhart, Ed"]
[WhiteFideId "46617116"]
[BlackFideId "2603748"]
[WhiteElo "2121"]
[BlackElo "2184"]
[Result "1-0"]
[Round "05"]
[TimeControl "180+1"]
[Date "2021.08.03"]
[WhiteClock "0:01:45"]
[BlackClock "0:00:46"]

1. d4 Nf6 2. Bg5 Ne4 3. Bf4 d5 4. f3 Nf6 5. e4 e6 6. e5 Nfd7 7. c3 c5 8. Be3 Nc6 9. f4 cxd4 10. cxd4 f5 11. Nf3 Be7 12. Nbd2 O-O 13. a3 b6 14. Rc1 Bb7 15. Bb5 Rc8 16. O-O a6 17. Bd3 b5 18. Qe2 Na5 19. h3 Nc4 20. Kh2 Nxb2 21. Rxc8 Bxc8 22. Bb1 Nc4 23. a4 Ndb6 24. axb5 axb5 25. g4 g6 26. gxf5 exf5 27. Bf2 Be6 28. Nb3 Na4 29. Nc5 Nxc5 30. dxc5 Qc7 31. Nd4 Bd7 32. Qf3 Bxc5 33. Qxd5+ Kh8 34. Nxb5 Bxb5 35. Bxc5 Rd8 36. Bd6 Nxd6 37. exd6 Qb6 38. Qe5+ Kg8 39. Ba2+ 1-0


[Site "https://www.chess.com"]

[Event "Titled Tuesday Blitz August 3 2021"]
[White "Svane, Rasmus"]
[Black "Csonka, Balazs"]
[WhiteFideId "4657101"]
[BlackFideId "742910"]
[WhiteElo "2669"]
[BlackElo "2404"]
[Result "1-0"]
[Round "05"]
[TimeControl "180+1"]
[Date "2021.08.03"]
[WhiteClock "0:00:08"]
[BlackClock "0:00:04"]

1. Nf3 Nf6 2. g3 g6 3. Bg2 Bg7 4. O-O O-O 5. d4 d5 6. c4 c6 7. Qb3 Qb6 8. Nc3 Rd8 9. Bd2 dxc4 10. Qxc4 Be6 11. Qa4 Na6 12. Rfc1 Rac8 13. Qa3 Qb4 14. Qxb4 Nxb4 15. a3 Nbd5 16. e3 Nxc3 17. bxc3 Ne4 18. Be1 Nd6 19. a4 Bd5 20. a5 c5 21. Rab1 Rc7 22. Nd2 Bxg2 23. Kxg2 Rdc8 24. Rd1 e6 25. Rb3 Rc6 26. Ra1 Ra6 27. Rbb1 Bf8 28. Kf3 f5 29. e4 cxd4 30. cxd4 fxe4+ 31. Nxe4 Nxe4 32. Kxe4 b6 33. axb6 Rxa1 34. b7 Rb8 35. Rxa1 Rxb7 36. Ra6 Kf7 37. Bd2 Be7 38. Ba5 Rd7 39. h4 h5 40. Rc6 Bf6 41. Bc3 Bd8 42. Bb4 Bb6 43. Bc5 Bxc5 44. Rxc5 Kf6 45. Ra5 Rb7 46. Ra6 Rd7 47. f3 Rb7 48. g4 hxg4 49. fxg4 Rd7 50. Rc6 Rb7 51. Rd6 Ke7 52. Ra6 Kf6 53. Ra2 Rd7 54. Ra5 Ke7 55. Ke5 Kf7 56. Ra6 Rd5+ 57. Ke4 Rd7 58. Ra5 Kf6 59. Ra2 Kf7 60. Rf2+ Kg7 61. Rf1 Rd5 62. Ra1 Rd7 63. Rh1 Kf7 64. Rh3 Kg7 65. Ra3 Kf7 66. Ra6 Kf6 67. Ra5 Kf7 68. Rc5 Kf6 69. g5+ Kf7 70. Ke5 Ke7 71. Ke4 Kf7 72. Rc3 Ke7 73. Rf3 a5 74. Rf6 a4 75. Rxg6 a3 76. Rg8 Ra7 77. Rg7+ Kd6 78. Rxa7 1-0


[Site "https://www.chess.com"]

[Event "Titled Tuesday Blitz August 3 2021"]
[White "Ter-Sahakyan, Samvel"]
[Black "Abdusattorov, Nodirbek"]
[WhiteFideId "13302531"]
[BlackFideId "14204118"]
[WhiteElo "2551"]
[BlackElo "2662"]
[Result "0-1"]
[Round "05"]
[TimeControl "180+1"]
[Date "2021.08.03"]
[WhiteClock "0:00:08"]
[BlackClock "0:00:54"]

1. Nf3 Nf6 2. b3 g6 3. Bb2 Bg7 4. e3 d6 5. d4 O-O 6. Be2 a5 7. a3 Nc6 8. O-O Nd7 9. c4 e5 10. Nc3 Re8 11. Nb5 e4 12. Nd2 f5 13. Qc2 Nf6 14. Bc3 Bd7 15. b4 a4 16. Bb2 g5 17. Nc3 Ne7 18. Rae1 Ng6 19. f3 exf3 20. Bxf3 c6 21. Qb1 g4 22. Bd1 Bh6 23. Qd3 Qe7 24. Bc2 Bxe3+ 25. Kh1 g3 26. Nd1 Ng4 27. Nxe3 Nf2+ 28. Rxf2 gxf2 29. Re2 Nf4 30. Nxf5 Qxe2 31. Qg3+ Ng6 32. Nh6+ Kg7 33. d5+ Kxh6 0-1


[Site "https://www.chess.com"]

[Event "Titled Tuesday Blitz August 3 2021"]
[White "Trent, Lawrence"]
[Black "Siva Mahadevan"]
[WhiteFideId "408638"]
[BlackFideId "25043153"]
[WhiteElo "2474"]
[BlackElo "2203"]
[Result "1-0"]
[Round "05"]
[TimeControl "180+1"]
[Date "2021.08.03"]
[WhiteClock "0:01:13"]
[BlackClock "0:00:21"]

1. e4 c5 2. Nf3 Nc6 3. Nc3 Nf6 4. Bb5 Nd4 5. e5 Nxb5 6. Nxb5 Nd5 7. Ng5 f6 8. exf6 Nxf6 9. O-O g6 10. d4 cxd4 11. Qxd4 Bg7 12. Qc4 d5 13. Nc7+ Kf8 14. Qf4 Kg8 15. Nxa8 h6 16. Nf3 Nh5 17. Qc7 Qf8 18. Re1 Bf6 19. Qc5 Bg4 20. Qxd5+ Kh7 21. Nc7 Qc8 22. Ne6 Qxc2 23. h3 Bf5 24. Ned4 Qd3 25. Qb3 1-0


[Site "https://www.chess.com"]

[Event "Titled Tuesday Blitz August 3 2021"]
[White "Tristan, Leonardo"]
[Black "Flores Quillas, Diego Saul Rodri"]
[WhiteFideId "113816"]
[BlackFideId "3822508"]
[WhiteElo "2404"]
[BlackElo "2071"]
[Result "1-0"]
[Round "05"]
[TimeControl "180+1"]
[Date "2021.08.03"]
[WhiteClock "0:01:05"]
[BlackClock "0:00:19"]

1. d4 Nf6 2. Bg5 Ne4 3. Bf4 d5 4. e3 c5 5. Nd2 Nxd2 6. Qxd2 Nc6 7. Nf3 cxd4 8. exd4 g6 9. h4 h5 10. Ne5 Bg7 11. Nxc6 bxc6 12. c3 O-O 13. Bd3 c5 14. dxc5 e5 15. Bg5 f6 16. Bh6 Qe7 17. Bxg6 Qxc5 18. Bxh5 Ba6 19. Bxg7 Kxg7 20. Be2 Bxe2 21. Qxe2 Rab8 22. Rh3 Kf7 23. O-O-O Rg8 24. Rhd3 Rxg2 25. Qh5+ Kg8 26. Rxd5 Qxf2 27. Rd8+ Rxd8 28. Rxd8+ Kg7 29. Rd7+ Kg8 30. Qe8# 1-0


[Site "https://www.chess.com"]